 Dungeon Crawl Stone Soup version 0.30-a0-568-g124715a40b (webtiles) character file.

Game seed: 10016496214891647810

212 Hubris850 the Chopper (level 5, -4/45 HPs)
             Began as a Hill Orc Monk on Dec 28, 2022.
             Slain by a wyvern zombie (10 damage)
             ... in an ossuary.
             The game lasted 00:07:38 (2517 turns).

Hubris850 the Chopper (Hill Orc Monk)               Turns: 2517, Time: 00:07:38

Health: -4/45      AC: 11    Str: 16    XL:     5   Next: 90%
Magic:  5/5        EV: 12    Int: 10    God:
Gold:   161        SH:  4    Dex: 13    Spells: 4/4 levels left

rFire   . . .      SeeInvis .    D - +1 hand axe (flame)
rCold   . . .      Faith    .    x - +0 buckler
rNeg    . . .      Spirit   .    A - +0 chain mail
rPois   .          Reflect  .    (no helmet)
rElec   .          Harm     .    (no cloak)
rCorr   .          Rampage  .    B - +1 pair of gloves
Will    .....                    (no boots) Stlth
                                 (no amulet)
HPRegen 0.27/turn                r - +5 ring of evasion
MPRegen 0.09/turn                (no ring)

@: no status effects
A: no striking features
a: no special abilities


You were in an ossuary.
You visited 1 branch of the dungeon, and saw 4 of its levels.
You also visited: Ossuary.

You collected 161 gold pieces.

Inventory:

Hand Weapons
 a - a +0 hand axe
 D - a +1 hand axe of flaming (weapon)
 E - a +0 war axe
Armour
 b - a +0 robe
 l - an orb of wrath
 v - a +0 pair of gloves
 w - a +0 ring mail
 x - a +0 buckler (worn)
 A - a +0 chain mail (worn)
 B - a +1 pair of gloves (worn)
Jewellery
 f - a ring of fire
 o - an amulet of faith
 r - a +5 ring of evasion (left hand)
Wands
 F - a wand of flame (10)
Scrolls
 d - a scroll of torment {unknown}
 e - a scroll of fear {unknown}
 n - 3 scrolls of identify {unknown}
 t - a scroll of enchant armour {unknown}
 u - 2 scrolls of teleportation
 y - a scroll of enchant weapon {unknown}
 z - a scroll of amnesia {unknown}
 C - a scroll of fog {unknown}
 G - a scroll of brand weapon {unknown}
Potions
 c - a potion of ambrosia
 g - 2 potions of brilliance {unknown}
 i - 2 potions of resistance
 j - 2 potions of curing {unknown}
 k - a potion of might {unknown}
 m - a potion of magic {unknown}
 p - 2 potions of attraction {unknown}
 q - a potion of lignification {unknown}
 s - a potion of berserk rage {unknown}


   Skills:
 - Level 3.6 Fighting
 + Level 6.3 Axes
 + Level 3.6 Armour
 - Level 2.4 Dodging
 - Level 1.5 Stealth
 + Level 2.1 Shields


You had 4 spell levels left.
You didn't know any spells.
Your spell library was empty.

Dungeon Overview and Level Annotations

Branches:
Dungeon (4/15)            Ossuary (1/1)
 Temple: D:4-7

Altars:
Vehumet

Shops:
D:3 ?*!([


Message History

The wyvern zombie is moderately damaged.
The wyvern zombie bites you.
You hit the wyvern zombie. You burn the wyvern zombie.
The wyvern zombie is heavily damaged.
The wyvern zombie bites you. The wyvern zombie bites you!
* * * LOW HITPOINT WARNING * * *
You barely miss the wyvern zombie.
The wyvern zombie is heavily damaged.
You block the wyvern zombie's attack.
You barely miss the wyvern zombie.
The wyvern zombie is heavily damaged.
The wyvern zombie misses you.
You barely miss the wyvern zombie.
The wyvern zombie is heavily damaged.
You block the wyvern zombie's attack. The wyvern zombie bites you.
* * * LOW HITPOINT WARNING * * *
Okay, then.
You barely miss the wyvern zombie.
The wyvern zombie is heavily damaged.
You block the wyvern zombie's attack.
You hit the wyvern zombie. You burn the wyvern zombie.
The wyvern zombie is severely damaged.
A killer bee zombie comes into view.
The wyvern zombie closely misses you.
You barely miss the wyvern zombie.
The wyvern zombie is severely damaged.
The wyvern zombie completely misses you.
The wyvern zombie bites you.
* * * LOW HITPOINT WARNING * * *
You hit the wyvern zombie. You burn the wyvern zombie.
The wyvern zombie is severely damaged.
The wyvern zombie bites you.
* * * LOW HITPOINT WARNING * * *
You hit the wyvern zombie. You burn the wyvern zombie.
The wyvern zombie is almost destroyed.
The wyvern zombie bites you but does no damage.
You barely miss the wyvern zombie.
The wyvern zombie is almost destroyed.
The wyvern zombie bites you!
You die...

# #. Z#+#
~.+
#####.###
#...#Z'.#
#.∩@ZZ###
#∩..#Z'.#
#####.###
+.' #.##
#.+ +.#


M' You could see a water moccasin zombie, a wyvern zombie and 2 killer bee
zombies.

Vanquished Creatures
  Ijyb (D:4)
  5 mummies (Ossuary)
  An adder (D:2)
  A white imp (D:4)
  A worm (D:2)
  A dart slug (D:3)
  4 orcs (D:3)
  8 ball pythons
  9 bats
  11 endoplasms
  2 giant cockroaches
  9 goblins
  9 hobgoblins
  2 jackals (D:1)
  3 kobolds
  3 quokkas
  5 frilled lizards
  5 rats (D:1)
80 creatures vanquished.

Vanquished Creatures (others)
  2 withered plants (Ossuary)
2 creatures vanquished.

Grand Total: 82 creatures vanquished

Notes
Turn   | Place    | Note
-------+----------+-------------------------------------------
     0 | D:1      | Hubris850 the Hill Orc Monk began the quest for the Orb.
     0 | D:1      | Reached XP level 1. HP: 19/19 MP: 1/1
   123 | D:1      | Reached skill level 1 in Armour
   140 | D:1      | Reached XP level 2. HP: 22/26 MP: 2/2
   385 | D:1      | Reached XP level 3. HP: 12/31 MP: 3/3
   554 | D:1      | Reached skill level 5 in Axes
   980 | D:2      | Found the +7 Kryia's mail coat {PotionHeal*2 rC+}
   998 | D:2      | Reached XP level 4. HP: 39/39 MP: 4/4
  1566 | D:3      | Found Nusueheo's General Store.
  1767 | D:3      | Found Nahan's Distillery.
  1900 | D:3      | Found Xyecacs's Antique Weapon Shoppe.
  1912 | D:3      | Found Girchorao's Antique Armour Shop.
  2008 | D:3      | Found Ykyuded's Magic Scroll Boutique.
  2267 | D:4      | Noticed Ijyb
  2281 | D:4      | Reached skill level 1 in Shields
  2311 | D:4      | Killed Ijyb
  2312 | D:4      | Reached XP level 5. HP: 15/45 MP: 5/5
  2441 | D:4      | Found a radiant altar of Vehumet.
  2457 | D:4      | Found a sand-covered staircase.
  2462 | Ossuary  | Entered an ossuary
  2478 | Ossuary  | Reached skill level 6 in Axes
  2517 | Ossuary  | Slain by a wyvern zombie

Illustrated notes

Levels and vault maps discovered:
D:1:      wander_arrival_chamber, layout_basic
D:2:      layout_basic
D:3:      cheibrodos_greedy_goblins, layout_basic, serial_shops, shop,
          nicolae_shop_advertising_works [nicolae_subvault_shop_adworks],
          nicolae_shop_statue_plus, shop_statue, shop
D:4:      layout_basic, vehumet_crystals, enter_ossuary_2, minmay_shop_damaged,
          hex_large, uniq_ijyb
Ossuary:  ossuary_zaba_flooded

Skill      XL: |  1  2  3  4  5 |
---------------+----------------+-----
Armour         | 1 2 3 |  3.6
Axes           | 5 6 |  6.3
Shields        | 1 2 |  2.1
Fighting       | |  3.6
Dodging        | |  2.4
Stealth        | |  1.5

Action                   |  1- 3 |  4- 6 || total
-------------------------+-------+-------++-------
Melee: Hand axe          |   115 |   162 ||   277
  Use: Potion            |       |     3 ||     3
       Scroll            |       |     2 ||     2
 Stab: Sleeping          |     9 |     2 ||    11
Armor: Robe              |    28 |     1 ||    29
       Chain mail        |       |    35 ||    35
       Ring mail         |       |    10 ||    10
Dodge: Dodged            |    73 |    68 ||   141
Block: Buckler           |       |    18 ||    18

Table legend: (Time is in decaauts)
 A = Elapsed time spent in this place.
 B = Non-inter-level travel time spent in this place.
 C = Inter-level travel time spent in this place.
 D = Time resting spent in this place.
 E = Time spent auto-exploring this place.
 F = Levels seen in this place.
 G = Mean time per level.
                   A        B        C        D        E       F      G
               +--------+--------+--------+--------+--------+-----+--------+
         Total |   2581 |   2549 |     32 |    250 |   1552 |   5 |  516.2 |
       Dungeon |   2525 |   2493 |     32 |    250 |   1552 |   4 |  631.2 |
       Ossuary |     56 |     56 |      0 |      0 |      0 |   1 |   56.0 |
               +--------+--------+--------+--------+--------+-----+--------+

Top non-repeatable levels by time:
     D:2: 811 daAuts
     D:3: 787 daAuts
     D:1: 716 daAuts
     D:4: 209 daAuts
 Ossuary: 56 daAuts
